 Dungeon Crawl Stone Soup version 0.28.0-49-g6dfe1f597d (webtiles) character file.

Game seed: 8051260709955380136

119 101zpm the Magician (level 5, -6/35 HPs)
             Began as a Djinni Fire Elementalist on May 17, 2022.
             Mangled by Pikel
             ... wielding a +2 whip of electrocution
              (14 damage)
             ... on level 4 of the Dungeon.
             The game lasted 00:05:41 (5348 turns).

101zpm the Magician (Djinni Fire Elementalist)      Turns: 5348, Time: 00:05:42

Health: -6/35      AC:  2    Str:  7    XL:     5   Next: 23%
Gold:   186        EV: 12    Int: 18    God:
                   SH:  0    Dex: 14

rFire   + + .      SeeInvis .   (no weapon)
rCold   x . .      Faith    .   (no shield)
rNeg    . . .      Spirit   .   a - +0 robe
rPois   ∞          Reflect  .   (no helmet)
rElec   .          Harm     .   (no cloak)
rCorr   .          Rampage  .   (no gloves)
Will    .....                   (boots unavailable)
Stlth   ++........              (no amulet)
HPRegen 0.11/turn               (no ring)
MPRegen 0.00/turn               (no ring)

@: flying, very slightly contaminated
A: sickness immunity, fire resistance 2, cold vulnerability 1, float, innate
caster, HP casting, extra vitality 1
a: no special abilities


You were on level 4 of the Dungeon.
You visited 1 branch of the dungeon, and saw 4 of its levels.

You collected 186 gold pieces.

Inventory:

Armour
 a - a +0 robe (worn)
Scrolls
 c - 2 scrolls of enchant weapon {unknown}
 e - 3 scrolls of identify {unknown}
 f - 3 scrolls of teleportation {unknown}
 k - a scroll of fog {unknown}
Potions
 b - a potion of heal wounds {unknown}
 d - a potion of curing {unknown}
 g - a potion of attraction {unknown}
 h - 2 potions of berserk rage {unknown}
 i - a potion of might {unknown}
 j - a potion of magic {unknown}


   Skills:
 + Level 2.4 Dodging
 + Level 2.2 Stealth
 + Level 4.0 Spellcasting


You couldn't memorise any spells.
You knew the following spells:

 Your Spells              Type           Power      Damage    Failure   Level
a - Foxfire               Conj/Fire      72%        2x1d7     2%          1
b - Scorch                Fire           36%        2d7       4%          2
c - Conjure Flame         Conj/Fire      18%        6-21      9%          3
d - Inner Flame           Hex/Fire       18%        N/A       9%          3
e - Flame Wave            Conj/Fire      18%        2d6       28%         4
f - Animate Skeleton      Necr           36%        N/A       2%          1
g - Ensorcelled Hibernat  Hex/Ice        36%        N/A       4%          2
Your spell library was empty.

Dungeon Overview and Level Annotations

Branches:
Dungeon (4/15)
 Temple: D:4-7

Altars:

Shops:
D:1 *

Annotations:
D:4 Pikel, Robin


Innate Abilities, Weirdness & Mutations

You are immune to sickness and miasma.
You are immune to poison.
Your flesh is very heat resistant. (rF++)
You are vulnerable to cold. (rC-)
You float through the air rather than walking.
You learn spells naturally, not from books.
Your magical power is your life essence.
You have superior vitality. (+4 MHP)


Message History

Aim: Pikel, wielding a +2 whip of electrocution and wearing a +2 robe of willpower (chance to affect: 38%)
You miscast Inner Flame.
You are very lightly contaminated with residual magic.
Nothing appears to happen.
Casting: Inner Flame (dangerous; 9% risk of failure)
Confirm with . or Enter, or press ? or * to list all spells.
Aiming: Inner Flame (dangerous; 9% risk of failure)
Press: ? - help, Dir - move target, f/p - Pikel
Aim: Pikel, wielding a +2 whip of electrocution and wearing a +2 robe of willpower (chance to affect: 38%) Pikel is filled with an inner flame.
Casting: Foxfire (safe; 2% risk of failure)
Press: ? - help, Q - select action, (/) - cycle Dir - look around, f - activate You conjure some foxfire!
Casting: Foxfire (safe; 2% risk of failure)
Confirm with . or Enter, or press ? or * to list all spells.
Flames lash the lemure.
The lemure is moderately wounded.
The lemure's fire resistance burns away.
You hear a shout!
The foxfire hits Pikel but does no damage.
The foxfire hits Pikel.
Flame seeps out of Pikel.
Pikel is lightly wounded.
Pikel is engulfed in blazing flames.
Flame seeps out of Pikel.
Casting: Scorch (safe; 4% risk of failure)
Confirm with . or Enter, or press ? or * to list all spells.
Flames lash the goblin.
You kill the goblin!
* * * LOW HITPOINT WARNING * * *
You hear a shout!
The lemure misses you.
A lemure comes into view.
Casting: Scorch (safe; 4% risk of failure)
Confirm with . or Enter, or press ? or * to list all spells.
Flames lash the lemure.
The lemure is burned terribly!
The lemure is heavily wounded.
* * * LOW HITPOINT WARNING * * *
You hear a shout!
You hear a bark!
A hobgoblin comes into view.
Pikel hits you with a +2 whip of electrocution!
You die...

#... ....# ...##...#
.......## ##......## #
###........#.##
...†5.........# g
#.)....# g.5.###.5..##
5†g.!.°gK@..#####
##☼###5)....#...##
#...........##
.###..[.........##
.................#
.###.............#....
..#..#.........### ..#
..#..#..........#
#...............#


You could see Pikel (inner flame), 4 lemures, Robin and a hobgoblin (strong).

Vanquished Creatures
  4 adders
  2 worms (D:2)
  3 dart slugs
  An orc (D:3)
  4 endoplasms
  4 giant cockroaches
  9 goblins
  8 hobgoblins
  5 quokkas
  3 ball pythons
  4 bats
  2 frilled lizards (D:1)
  9 kobolds
  9 rats
67 creatures vanquished.

Vanquished Creatures (others)
  309 foxfires
309 creatures vanquished.

Grand Total: 376 creatures vanquished

Notes
Turn   | Place    | Note
-------+----------+-------------------------------------------
     0 | D:1      | 101zpm the Djinni Fire Elementalist began the quest for the
                  | Orb.
     0 | D:1      | Reached XP level 1. HP: 15/15 MP: 0/0
   535 | D:1      | Reached XP level 2. HP: 17/21 MP: 0/0
  1629 | D:1      | Found Toutol's General Store.
  1660 | D:1      | Reached XP level 3. HP: 20/25 MP: 0/0
  1660 | D:1      | Learned a level 1 spell: Animate Skeleton
  1678 | D:1      | Reached skill level 3 in Spellcasting
  2011 | D:1      | Found a faded altar of an unknown god.
  3085 | D:2      | Reached XP level 4. HP: 25/31 MP: 0/0
  4423 | D:3      | Reached XP level 5. HP: 32/35 MP: 0/0
  4423 | D:3      | Learned a level 2 spell: Ensorcelled Hibernation
  5334 | D:4      | Reached skill level 4 in Spellcasting
  5335 | D:4      | Noticed a lemure
  5335 | D:4      | Noticed Robin
  5336 | D:4      | Noticed a lemure
  5338 | D:4      | Noticed a lemure
  5342 | D:4      | Noticed Pikel
  5347 | D:4      | Noticed a lemure
  5348 | D:4      | Mangled by Pikel

Illustrated notes

Levels and vault maps discovered:
D:1:      dpeg_cavernosity, layout_loops_ring, serial_shops,
          nicolae_shop_hallway_plus, basic_ecumenical_altar
D:2:      layout_basic, amcnicky_mini_pool_small
D:3:      layout_loops_ring, portal_sewer_entry_f
D:4:      layout_cave_pools, hangedman_decor_growths, uniq_ijyb, uniq_pikel,
          uniq_blork_the_orc, uniq_robin

Skill      XL: |  1  2  3  4  5 |
---------------+----------------+-----
Spellcasting   | 3 4 |  4.0
Stealth        | 2 |  2.2
Dodging        | |  2.4

Action                   |  1- 3 |  4- 6 || total
-------------------------+-------+-------++-------
 Cast: Foxfire           |   116 |    84 ||   200
       Scorch            |    18 |    14 ||    32
       Inner Flame       |       |     6 ||     6
Armor: Robe              |       |     1 ||     1
Dodge: Dodged            |     2 |     1 ||     3
